AoeStats
← Malik Bhai

Hideout

508143984Analyzed
1v1 RM · 11d ago on Sep 21, 2026· 58m 6s· 2 players
Game mode
Random Map
Map size
Tiny (2 player)
Population
200
Speed
Normal
Resources
Standard
Victory
Conquest
Starting age
Dark Age
Ending age
Imperial Age
RankedLock teamsTeams togetherTeam positionsShared explorationLock speedFull tech treeHidden civsTurbo modeCheats
Victory
Defeat
🇺🇸 Bengalis · United States
1648
+20
🇵🇰 Aztecs · Pakistan
1739
-20
Malik Bhai
6:48 Loom
9:14 Feudal Age
9:33 Man-at-Arms
12:47 Fletching
15:21 Double-Bit Axe
17:06 Horse Collar
23:05 Castle Age
22:53 Padded Archer Armor
23:43 Bodkin Arrow
23:08 Crossbowman
26:05 Sanctity
27:54 Fervor
27:51 Atonement
30:44 Redemption
37:48 Imperial Age
40:54 Block Printing
46:47 Devotion
50:57 Eagle Warrior
54:12 Pikeman
theblindleadtheblind
10:50 Feudal Age
11:09 Loom
14:53 Fletching
20:11 Castle Age
21:14 Bodkin Arrow
23:19 Gold Mining
23:23 Double-Bit Axe
26:03 Redemption
28:14 Wheelbarrow
27:25 Town Watch
28:09 Sanctity
27:57 Atonement
40:54 Imperial Age
40:37 Devotion
43:02 Block Printing
43:23 Theocracy
43:43 Siege Elephant
45:49 Scale Barding Armor
45:55 Forging
45:30 Horse Collar
46:41 Hand Cart
48:02 Bloodlines
47:54 Husbandry
47:14 Light Cavalry
Connection lost

Rejoining the realm…

Still unreachable

The connection could not be restored.

Session expired

The server has moved on; the page needs a fresh start.